 Dungeon Crawl Stone Soup version 0.28.0-47-ge53b351184 (webtiles) character file.

Game seed: 7062996355356540374

236 issech the Cudgeller (level 5, 0/53 HPs)
             Began as a Troll Monk on May 6, 2022.
             Succumbed to a kobold brigand's poison
             ... in a sewer.
             The game lasted 00:10:49 (2472 turns).

issech the Cudgeller (Troll Monk)                   Turns: 2472, Time: 00:10:49

Health: 0/53       AC:  5    Str: 19    XL:     5   Next: 77%
Magic:  4/4        EV: 11    Int:  6    God:
Gold:   127        SH:  0    Dex: 14    Spells: 4/4 levels left

rFire   . . .      SeeInvis .   a - +0 mace
rCold   . . .      Faith    .   (no shield)
rNeg    . . .      Spirit   .   n - +0 animal skin
rPois   .          Reflect  .   (helmet restricted)
rElec   .          Harm     .   k - +0 cloak
rCorr   .          Rampage  .   (gloves unavailable)
Will    .....                   (boots unavailable)
Stlth   ++........              (no amulet)
HPRegen 0.97/turn               (no ring)
MPRegen 0.09/turn               (no ring)

@: lethally poisoned (0 -> -7)
A: large, unfitting armour, claws 3, regeneration 1, shaggy fur 1, tough skin 1
a: no special abilities


You were in a sewer.
You visited 1 branch of the dungeon, and saw 3 of its levels.
You also visited: Sewer.

You collected 147 gold pieces.
You spent 20 gold pieces at shops.

Inventory:

Hand Weapons
 a - a +0 mace (weapon)
Missiles
 c - 116 stones (quivered)
 g - 20 bolts
 h - 12 sling bullets
 j - 60 arrows
Armour
 k - a +0 cloak (worn)
 n - a +0 animal skin (worn)
Scrolls
 f - a scroll of vulnerability
 i - 2 scrolls of teleportation {unknown}
 l - 2 scrolls of amnesia {unknown}
Potions
 b - a potion of mutation {unknown}
 d - 2 potions of invisibility {unknown}
 e - 2 potions of curing {unknown}
 m - 2 potions of haste {unknown}


   Skills:
 + Level 3.2 Fighting
 + Level 4.3 Maces & Flails
 + Level 0.7 Throwing
 + Level 3.4 Dodging
 + Level 1.2 Stealth


You had 4 spell levels left.
You didn't know any spells.
Your spell library contained the following spells:

 Spells                   Type           Power      Damage    Failure   Level
 Ensorcelled Hibernation  Hex/Ice        0%         N/A       58%         2
 Passwall                 Tmut/Erth      0%         N/A       58%         2
 Swiftness                Air            0%         N/A       83%         3


Dungeon Overview and Level Annotations

Branches:
Dungeon (3/15)              Sewer (1/1)

Altars:
Trog

Shops:
D:1 :????


Innate Abilities, Weirdness & Mutations

You are too large for most types of armour.
You have claws for hands.
Your natural rate of healing is unusually fast.
You are covered in fur. (AC +1)
You have tough skin. (AC +1)


Message History

You are more poisoned.
You feel very sick.
The kobold brigand throws a poisoned dart.
The poisoned dart closely misses you.
You feel very sick.
The kobold shoots a bolt.
The bolt hits you!
* * * LOW HITPOINT WARNING * * *
You feel sick.
You feel sick.
You feel sick.
You feel sick.
Items here: ÷ ††††.
You feel sick.
There is a gate leading back out of this place here.
A kobold is nearby!
Unknown command.
Unknown command.
You feel sick.
You feel sick. The kobold barely misses you.
You hit the kobold.
You kill the kobold!
You feel sick.
You are no longer poisoned.
The kobold throws a poisoned dart.
The poisoned dart barely misses you.
The kobold throws a poisoned dart.
The poisoned dart barely misses you.
You are too injured to fight recklessly!
You are too injured to fight recklessly!
You are too injured to fight recklessly!
The kobold throws a poisoned dart.
The poisoned dart hits you!
You are poisoned.
The kobold brigand throws a poisoned dart.
The poisoned dart hits you!
You are lethally poisoned!
Items here: ) ÷÷÷÷ †.
* * * LOW HITPOINT WARNING * * *
You feel very sick.
There is a gate leading back out of this place here.
You are too injured to fight recklessly!
Unknown command.
You die...

.....≈≈≈≈........##
.....≈≈≈≈K......##
.....≈≈≈.≈.....##
.....≈≈≈≈≈K....##
.#...≈≈≈≈≈≈.....#
###..≈≈≈≈≈......##
#..≈≈≈≈≈.÷.÷#..#
....≈≈≈≈≈≈..###)#
....≈≈≈≈≈≈..###@#
...≈≈≈≈≈....####
.#≈≈≈≈≈....##
#≈≈≈≈≈≈....#
≈≈≈≈≈≈≈....##
≈≈≈≈≈≈.≈.†..#
≈≈≈≈≈≈≈.....#
≈≈≈≈≈≈≈≈....#
≈≈≈≈≈≈≈....##


There were no monsters in sight!

Vanquished Creatures
  A bullfrog zombie (D:3)
  Robin (D:2)
  6 adders
  4 river rats (Sewer)
  A worm (D:2)
  A dart slug (D:2)
  5 bats
  5 endoplasms
  3 giant cockroaches
  16 goblins
  6 hobgoblins
  3 jackals (D:1)
  13 kobolds
  4 quokkas
  7 ball pythons
  3 frilled lizards (D:2)
  A jackal skeleton (D:2)
  24 rats
104 creatures vanquished.

Notes
Turn   | Place    | Note
-------+----------+-------------------------------------------
     0 | D:1      | issech the Troll Monk began the quest for the Orb.
     0 | D:1      | Reached XP level 1. HP: 22/22 MP: 0/0
    42 | D:1      | Found Inouliol's Magic Scroll Shoppe.
    81 | D:1      | Found Behag's Magic Scroll Shop.
   125 | D:1      | Reached XP level 2. HP: 27/29 MP: 1/1
   155 | D:1      | Bought a scroll of identify for 20 gold pieces
   160 | D:1      | Found Tiezxelo's Magic Scroll Shoppe.
   286 | D:1      | Reached skill level 3 in Maces & Flails
   506 | D:1      | Found Tuffuom's Magic Scroll Shoppe.
   532 | D:1      | Found Moikojit's Book Emporium.
   782 | D:1      | Reached XP level 3. HP: 33/36 MP: 2/2
   958 | D:2      | Found a bloodstained altar of Trog.
  1060 | D:2      | Noticed Robin
  1112 | D:2      | Killed Robin
  1499 | D:2      | Reached XP level 4. HP: 44/44 MP: 3/3
  1843 | D:3      | Found a faded altar of an unknown god.
  1940 | D:3      | Reached XP level 5. HP: 53/53 MP: 4/4
  1944 | D:3      | Found a glowing drain.
  1962 | Sewer    | Entered a sewer
  2002 | Sewer    | Reached skill level 4 in Maces & Flails
  2471 | Sewer    | HP: 2/53 [poisoned by a kobold brigand]
  2472 | Sewer    | Succumbed to a kobold brigand's poison

Illustrated notes

Levels and vault maps discovered:
D:1:      wander_arrival_peaceful_grave, layout_basic, serial_shops, shop, shop,
          shop, shop_coins, nicolae_shop_hallway_stairs, grunt_decor_one_mirror
D:2:      minmay_chambers_of_twos, layout_loops_ring, basic_altar, uniq_robin
D:3:      layout_loops_ring, nemelex_diamond_rough_becter, lemuel_tele_altar,
          gup_sewer_entry_bubbles, hellmonk_ecumenical_altar_blasted,
          minmay_misc_feat_alley, uniq_ijyb, uniq_grinder
Sewer:    sewer_minmay_treatment

Skill      XL: |  1  2  3  4  5 |
---------------+----------------+-----
Maces & Flails | 3 4 |  4.3
Dodging        | 3 |  3.4
Fighting       | 3 |  3.2
Throwing       | |  0.7
Stealth        | |  1.2

Action                   |  1- 3 |  4- 6 || total
-------------------------+-------+-------++-------
Melee: Mace              |   161 |   160 ||   321
       Punch             |     1 |     1 ||     2
Throw: Stone             |    18 |    59 ||    77
  Use: Scroll            |     1 |     1 ||     2
 Stab: Sleeping          |     1 |     1 ||     2
Armor: Robe              |    80 |       ||    80
       Animal skin       |     4 |    77 ||    81
Dodge: Dodged            |   115 |   131 ||   246
